 Dungeon Crawl Stone Soup version 0.20.1-1-g8b1a95d (webtiles) character file.

291 vineage the Slasher (level 6, 0/44 HPs)
             Began as a Demonspawn Gladiator on Oct 17, 2017.
             Slain by a bullfrog (5 damage)
             ... in a sewer.
             The game lasted 00:04:29 (2235 turns).

vineage the Slasher (Demonspawn Gladiator)          Turns: 2235, Time: 00:04:31

Health: 0/44       AC: 10    Str: 15    XL:     6   Next: 10%
Magic:  6/6        EV:  7    Int:  9    God:
Gold:   111        SH:  0    Dex: 16    Spells: 5/5 levels left

rFire    . . .     SeeInvis .   a - +0 long sword
rCold    . . .     Gourm    .   (no shield)
rNeg     . . .     Faith    .   k - +0 plate armour
rPois    .         Spirit   .   (helmet restricted)
rElec    .         Reflect  .   (no cloak)
rCorr    .         Harm     .   (no gloves)
MR       .....                  (no boots)
Stlth    ..........             (no amulet)
Regen    0.6/turn               (no ring)
MPRegen  0.1/turn               (no ring)

@: hasted, drained, quick
A: beak, mutation resistance 1, regeneration 1, rot immunity, sturdy frame 2
a: no special abilities


You were in a sewer.
You were very hungry.

You visited 1 branch of the dungeon, and saw 3 of its levels.
You also visited: Sewer.

You collected 111 gold pieces.

Inventory:

Hand Weapons
 a - a +0 long sword (weapon)
Missiles
 d - 3 throwing nets (quivered)
Armour
 b - a +0 leather armour
 c - a +0 helmet
 k - a +0 plate armour (worn)
Jewellery
 p - a cursed -5 ring of protection {unknown}
Scrolls
 g - 2 scrolls of enchant armour {unknown}
 l - a scroll of remove curse {unknown}
 m - a scroll of noise {unknown}
 o - a scroll of recharging {unknown}
 r - a scroll of magic mapping {unknown}
 s - a scroll of teleportation {unknown}
Potions
 h - 2 potions of haste
 i - 2 potions of agility
 j - a potion of resistance
Comestibles
 f - 3 bread rations
 n - 2 meat rations


   Skills:
 - Level 2.0(1.9) Fighting
 + Level 6.2(6.1) Long Blades
 - Level 1.7(1.6) Throwing
 - Level 2.7(2.6) Dodging


You had 5 spell levels left.
You didn't know any spells.

Dungeon Overview and Level Annotations

Branches:
Dungeon (3/15)

Altars:
Qazlal


Innate Abilities, Weirdness & Mutations

You are immune to rotting.
Your movements are less encumbered by armour. (ER -4)
You have a beak for a mouth.
You are somewhat resistant to further mutation.
Your natural rate of healing is unusually fast.


Message History

It was a potion of curing.
You feel better. The bullfrog hits you.
* * * LOW HITPOINT WARNING * * *
The bullfrog hits you but does no damage.
You feel better. The bullfrog closely misses you. x2
Your plate armour prevents you from hitting the bullfrog.
Your peck misses the bullfrog.
The bullfrog is severely wounded.
The bullfrog hits you but does no damage.
The bullfrog hits you.
* * * LOW HITPOINT WARNING * * *
Your unstable footing causes you to fumble your attack.
The bullfrog hits you but does no damage.
The bullfrog hits you.
* * * LOW HITPOINT WARNING * * *
You barely miss the bullfrog. Your peck misses the bullfrog.
The bullfrog is severely wounded.
The bullfrog hits you.
* * * LOW HITPOINT WARNING * * *
The bullfrog hits you.
You die...

#######################
#.......†≈≈..≈.≈≈.....##
#.≈≈≈≈≈≈≈≈≈≈≈≈≈≈≈≈≈≈≈..#
#.≈≈≈≈≈≈≈≈≈≈≈≈≈≈≈≈≈≈≈≈.#
#≈≈≈≈≈≈≈≈≈≈≈≈≈≈≈≈≈≈≈≈≈.#
#.≈≈≈.≈≈≈≈≈≈≈†≈≈..≈≈≈≈.#
#≈########≈≈≈≈≈≈≈≈.≈≈≈.#
#≈# ##≈≈≈≈≈≈≈≈≈.≈≈≈.#
#≈# #≈≈≈F@≈≈≈≈≈≈≈≈≈.#
#≈# #≈≈≈≈F≈≈≈≈≈≈≈≈≈.#
#≈# #≈≈≈≈≈≈≈≈≈≈≈≈≈≈≈.#
#≈# #≈≈∩.≈.≈≈≈≈≈≈≈≈≈.#
#≈# #≈≈..≈...≈≈≈≈≈≈≈.#
#.# #≈≈≈≈≈.≈≈≈.≈≈≈≈≈≈.#
#.# #≈≈≈≈≈≈.≈.≈≈≈≈≈≈≈.#
### #.#
#≈≈≈≈≈.=≈≈≈≈≈≈≈≈≈÷# #.#
#.# ≈≈.$))≈≈≈≈≈≈≈≈.# #∩#


You could see 2 bullfrogs.

Vanquished Creatures
  A howler monkey (D:2)
  A centaur skeleton (D:3)
  Natasha (thrice) (D:2)
  Robin (D:3)
  6 adders
  A worm (D:2)
  A dart slug (D:2)
  2 leopard geckos (Sewer)
  3 ball pythons
  4 bats
  6 giant cockroaches
  10 goblins
  9 hobgoblins
  5 jackals
  4 kobolds
  17 frilled lizards
  7 rats
81 creatures vanquished.

Notes
Turn   | Place    | Note
-------+----------+-------------------------------------------
     0 | D:1      | vineage the Demonspawn Gladiator began the quest for the Orb.
     0 | D:1      | Reached XP level 1. HP: 16/16 MP: 1/1
    47 | D:1      | Reached skill level 3 in Long Blades
   112 | D:1      | Gained mutation: Your movements are slightly less encumbered by armour. (ER -2) [demonic ancestry]
   112 | D:1      | Reached XP level 2. HP: 16/22 MP: 2/2
   651 | D:1      | Gained mutation: You have a beak for a mouth. [potion of mutation]
   651 | D:1      | Gained mutation: You occasionally shout uncontrollably at your foes. [potion of mutation]
   651 | D:1      | Gained mutation: You have a pair of small horns on your head. [potion of mutation]
   651 | D:1      | Gained mutation: You are robust. (+10% HP) [potion of mutation]
   710 | D:2      | Noticed Natasha
   721 | D:2      | Noticed a crimson imp
   723 | D:2      | Killed Natasha
   723 | D:2      | Reached skill level 4 in Long Blades
   723 | D:2      | Reached XP level 3. HP: 2/29 MP: 3/3
  1242 | D:2      | Lost mutation: You have a pair of small horns on your head. [potion of mutation]
  1242 | D:2      | Lost mutation: You are robust. (+10% HP) [potion of mutation]
  1242 | D:2      | Lost mutation: You occasionally shout uncontrollably at your foes. [potion of mutation]
  1242 | D:2      | Gained mutation: You are somewhat resistant to further mutation. [potion of mutation]
  1242 | D:2      | Gained mutation: Your natural rate of healing is unusually fast. [potion of mutation]
  1283 | D:2      | Gained mutation: You are immune to rotting. [demonic ancestry]
  1283 | D:2      | Reached XP level 4. HP: 33/33 MP: 4/4
  1424 | D:2      | Noticed Natasha
  1438 | D:2      | Killed Natasha
  1476 | D:2      | Noticed Natasha
  1488 | D:2      | Killed Natasha
  1488 | D:2      | Reached skill level 5 in Long Blades
  1526 | D:2      | Reached XP level 5. HP: 38/38 MP: 5/5
  1585 | D:2      | Found a stormy altar of Qazlal.
  1832 | D:3      | Noticed Robin
  1841 | D:3      | Killed Robin
  1845 | D:3      | Found a glowing drain.
  1884 | D:3      | Reached skill level 6 in Long Blades
  1939 | Sewer    | Entered a sewer
  1965 | Sewer    | Gained mutation: Your movements are less encumbered by armour. (ER -4) [demonic ancestry]
  1965 | Sewer    | Reached XP level 6. HP: 43/44 MP: 6/6
  2235 | Sewer    | Slain by a bullfrog

Skill      XL: |  1  2  3  4  5 |
---------------+----------------+-----
Long Blades    | 3 4 5 6 |  6.2
Fighting       | |  2.0
Throwing       | |  1.7
Dodging        | |  2.7

Action                   |  1- 3 |  4- 6 || total
-------------------------+-------+-------++-------
Melee: Long sword        |    99 |   191 ||   290
       Peck              |     5 |    34 ||    39
       Headbutt          |     4 |       ||     4
  Use: Scroll            |     3 |       ||     3
       Potion            |     2 |     4 ||     6
 Stab: Distracted        |     1 |       ||     1
  Eat: Chunk             |       |     4 ||     4
Armor: Leather armour    |    15 |       ||    15
       Plate armour      |    43 |   191 ||   234
Dodge: Dodged            |    39 |   102 ||   141
       Rpst.: Long sword |    11 |    33 ||    44
